Map: Acropolis LE

Players

Bunny

  • Race: Terran Terran
  • League: Diamond
  • Spawn Location: 5:00

OGZest (Zest) - Winner!

  • Race: Protoss Protoss
  • Spawn Location: 11:00

Event: HomeStory Cup XIX

VOD

Have the link to the VOD?

Description

Time

  • Played on: June 29, 2019, 7:38 a.m.
  • Length: 12:55

All games in this series

Show
View Real Time Build Order
Export as new Build Order

Bunny Terran 

Build Orders: Reaper Expand 

Get SALT Encoding   

  12  0:00  SCV  
  13  0:12  SCV  
  14  0:16  Supply Depot  
  14  0:25  SCV  
  15  0:38  SCV  
  15  0:40  Barracks  
  16  0:43  Refinery  
  16  0:50  SCV  
  17  1:02  SCV  
  18  1:14  SCV  
  19  1:27  Orbital Command, Reaper  
  20  1:40  Command Center  
  20  1:53  SCV  
  21  1:54  Supply Depot  
  21  1:59  Barracks Reactor  
  21  2:05  SCV  
  22  2:17  SCV  
  22  2:20  Command Center  
  23  2:29  SCV  
  24  2:32  Barracks  
  24  2:36  Marine  
  25  2:37  Marine  
  25  2:41  SCV  
  27  2:51  Orbital Command  
  27  2:53  SCV  
  27  2:54  Marine  
  27  2:55  Marine  
  30  3:01  Engineering Bay  
  30  3:05  SCV  
  30  3:12  Marine  
  32  3:13  Marine  
  32  3:17  SCV  
  34  3:21  Barracks Tech Lab  
  34  3:23  Bunker  
  34  3:28  SCV  
  34  3:29  SCV  
  34  3:30  Refinery  
  34  3:33  Orbital Command, Marine x2  
  38  3:41  Stimpack, Marine  
  38  3:42  SCV  
  38  3:44  SCV  
  38  3:48  Terran Infantry Weapons Level 1  
  41  3:54  SCV  
  42  3:56  SCV  
  42  3:59  SCV  
  44  4:03  Refinery  
  44  4:05  Factory  
  44  4:08  Marine x2  
  44  4:09  Marine  
  45  4:12  Barracks  
  45  4:13  SCV x3  
  49  4:20  Supply Depot  
  49  4:22  Refinery  
  49  4:25  SCV x3  
  49  4:28  Marauder, Marine  
  49  4:31  Marine  
  56  4:39  SCV x3  
  56  4:44  Barracks  
  59  4:46  Barracks  
  59  4:52  Starport  
  59  4:53  Factory Reactor  
  59  4:54  Marauder  
  59  4:55  Marine x2  
  63  5:00  Barracks Tech Lab, Supply Depot  
  63  5:01  SCV  
  63  5:02  SCV  
  63  5:03  SCV  
  65  5:12  Marine  
  65  5:13  Marine  
  65  5:14  Supply Depot  
  67  5:16  Marauder  
  67  5:19  Combat Shield  
  69  5:22  Marauder, Supply Depot  
  69  5:25  Supply Depot  
  69  5:28  Supply Depot  
  71  5:30  Marine x2  
  71  5:33  Barracks Reactor  
  71  5:35  Barracks Tech Lab  
  73  5:39  Factory Reactor  
  73  5:40  Medivac  
  73  5:41  Medivac  
  77  5:44  Concussive Shells  
  77  5:45  Supply Depot  
  77  5:46  Orbital Command  
  77  5:47  Marauder  
  79  5:51  Marauder  
  79  5:54  Marine x2, Supply Depot  
  79  5:55  Marauder  
  83  6:06  SCV x2  
  83  6:08  Marauder  
  83  6:10  Medivac x2, Terran Infantry Armor Level 1  
  91  6:11  Marine x2  
  91  6:12  Supply Depot  
  93  6:22  Widow Mine x2  
  93  6:23  Marine x2, Marauder x2  
  103  6:26  SCV  
  103  6:31  Marauder  
  106  6:33  Marine x2  
  106  6:36  Supply Depot  
  108  6:41  Medivac  
  108  6:42  Medivac  
  108  6:44  Marauder  
  108  6:45  Widow Mine  
  108  6:46  Widow Mine  
  118  6:50  Marauder  
  118  6:51  Marine  
  118  6:52  Marauder, Marine  
  118  6:53  Marine  
  125  6:55  Marine  
  125  7:01  Supply Depot  
  126  7:05  Marine  
  127  7:09  Widow Mine x2  
  127  7:12  Marauder  
  127  7:14  Marine x2, Marauder  
  127  7:15  Marine x2  
  139  7:17  Medivac  
  139  7:22  Supply Depot, Medivac  
  143  7:31  Marauder  
  143  7:32  Marine  
  143  7:33  Marauder, Marine  
  149  7:44  Marauder, Marine x2, Widow Mine  
  151  7:47  Medivac  
  157  7:54  Supply Depot  
  157  7:59  Marauder, Marine x2, Medivac  
  157  8:01  Marauder  
  151  8:06  Marauder  
  145  8:12  Marine  
  145  8:13  Marine  
  145  8:16  Marine  
  131  8:20  Marauder  
  131  8:22  Marauder  
  131  8:23  Marine  
  131  8:24  SCV x3  
  131  8:26  Widow Mine  
  137  8:27  Marauder  
  137  8:29  Widow Mine  
  137  8:30  Marine x2  
  139  8:36  SCV x3  
  142  8:42  Marauder  
  142  8:43  Marauder  
  142  8:45  Supply Depot  
  142  8:46  Marine x2  
  142  8:48  Marauder, Marine, SCV  
  143  8:49  Widow Mine  
  143  8:51  Widow Mine  
  143  8:55  Viking x2  
  148  8:59  Marine  
  151  9:03  Marauder, SCV x2  
  151  9:04  Marine, SCV  
  151  9:05  Marauder  
  151  9:07  Supply Depot  
  159  9:11  Marauder  
  159  9:13  Marine x2  
  163  9:22  Marine x2  
  165  9:25  Marauder  
  165  9:26  Marauder  
  165  9:27  Command Center  
  165  9:30  Marine  
  165  9:31  Marine  
  171  9:33  Viking  
  171  9:34  Armory  
  171  9:35  Viking  
  174  9:49  Supply Depot  
  174  9:53  Marauder x3, Liberator x2  
  174  9:54  Marine  
  181  10:01  Marine  
  181  10:04  Marine x2, Widow Mine  
  181  10:07  Refinery x2, Supply Depot  
  181  10:11  Widow Mine  
  179  10:23  Supply Depot  
  179  10:30  Marine, Marauder x3  
  179  10:31  Marine x3  
  179  10:33  Terran Infantry Weapons Level 2  
  188  10:42  Terran Ship Weapons Level 1  
  188  10:43  Planetary Fortress  
  188  10:45  Ghost Academy  
  186  10:53  Viking x2  
  184  11:11  Sensor Tower  
  180  11:20  Marauder x3, Marine x4  
  182  11:30  Medivac x2  
  182  11:32  Fusion Core  
  171  11:33  Starport  
  171  11:34  SCV  
  171  11:35  SCV x3  
  171  11:38  Marine x2  
  177  11:47  SCV x4  
  178  11:48  Engineering Bay  
  178  11:50  Refinery  
  178  11:51  Refinery  
  178  11:52  Ghost x2  
  185  11:57  Ghost  
  185  12:00  Marine x2  
  185  12:01  Marine x2  
  189  12:14  Starport Tech Lab  
  189  12:19  Viking  
  189  12:20  Missile Turret  
Show
View Real Time Build Order
Export as new Build Order

OGZest Protoss - Winner!

Build Orders: 1 Gate Expand, Double Forge, Phoenix Opening, Blink Stalkers, Chargelot Immortal 

Get SALT Encoding   

  12  0:00  Probe  
  13  0:12  Probe  
  14  0:17  Pylon  
  14  0:23  Probe  
  15  0:31  Probe  
  15  0:36  Gateway  
  15  0:39  Probe  
  16  0:45  Assimilator  
  17  0:51  Probe  
  18  1:03  Probe  
  19  1:15  Probe  
  20  1:23  Cybernetics Core  
  20  1:32  Nexus  
  20  1:36  Probe  
  21  1:44  Pylon  
  21  1:48  Probe  
  21  1:51  Assimilator  
  21  1:52  Adept  
  22  2:00  Probe  
  23  2:04  Warp Gate  
  25  2:10  Probe  
  26  2:18  Probe  
  26  2:22  Sentry  
  29  2:26  Probe  
  29  2:36  Twilight Council  
  30  2:38  Probe  
  30  2:40  Probe  
  31  2:48  Stalker, Probe  
  31  2:51  Probe  
  35  2:56  Phoenix  
  36  2:58  Probe  
  36  3:03  Probe  
  38  3:06  Gateway  
  38  3:11  Probe  
  39  3:13  Blink  
  39  3:15  Probe  
  40  3:20  Stalker  
  40  3:24  Probe  
  40  3:25  Pylon  
  43  3:27  Probe  
  43  3:30  Assimilator  
  44  3:36  Probe  
  44  3:38  Probe  
  46  3:44  Probe  
  46  3:46  Probe  
  47  3:52  Forge x2, Probe  
  47  3:54  Probe  
  50  4:03  Probe  
  50  4:05  Probe  
  50  4:06  Sentry  
  54  4:12  Nexus  
  54  4:14  Pylon  
  54  4:17  Assimilator  
  54  4:19  Pylon  
  54  4:23  Warp Prism  
  54  4:32  Probe x2  
  56  4:40  Protoss Ground Armor Level 1, Protoss Ground Weapons Level 1  
  56  4:41  Probe, Robotics Facility  
  56  4:44  Probe  
  58  4:49  Probe  
  58  4:52  Probe  
  58  4:55  Phoenix  
  58  4:56  Stalker  
  58  4:58  Probe  
  62  5:00  Probe  
  62  5:06  Pylon  
  64  5:11  Probe x2  
  64  5:12  Assimilator  
  66  5:14  Assimilator  
  66  5:15  Pylon  
  66  5:16  Gateway  
  66  5:17  Gateway  
  66  5:23  Probe  
  66  5:24  Probe x2  
  66  5:25  Pylon  
  66  5:26  Stalker, Sentry  
  73  5:29  Observer, Robotics Facility  
  73  5:33  Robotics Bay  
  73  5:35  Probe  
  75  5:36  Probe x2  
  77  5:46  Observer  
  77  5:47  Probe  
  77  5:48  Probe x2  
  80  5:53  Charge  
  80  5:54  Pylon  
  81  5:59  Probe  
  81  6:00  Observer, Probe  
  81  6:01  Probe  
  84  6:07  Pylon  
  84  6:11  Probe, Colossus  
  85  6:18  Stalker x2, Sentry  
  88  6:19  Stalker, Colossus  
  106  6:39  Photon Cannon  
  106  6:41  Extended Thermal Lance  
  106  6:43  Protoss Ground Armor Level 2  
  106  6:48  Gateway  
  106  6:49  Gateway  
  106  6:50  Gateway  
  106  6:51  Gateway, Protoss Ground Weapons Level 2  
  106  6:57  Pylon  
  106  7:05  Zealot x4  
  106  7:06  Observer  
  114  7:13  Pylon  
  114  7:14  Colossus, Pylon  
  120  7:16  Pylon  
  120  7:34  Stalker  
  120  7:35  Stalker x3  
  128  7:45  Stalker x4  
  128  7:48  Pylon  
  134  8:03  Zealot x4  
  132  8:07  Observer  
  132  8:12  Stalker x4  
  126  8:17  Observer  
  120  8:28  Immortal x2  
  120  8:30  Stalker x4  
  124  8:35  Stalker x2  
  124  8:36  Stalker x2  
  131  8:46  Shield Battery  
  129  8:59  Pylon  
  129  9:00  Protoss Ground Armor Level 3, Pylon  
  129  9:01  Pylon x2  
  129  9:02  Probe x2, Pylon  
  131  9:07  Immortal x2  
  139  9:13  Protoss Ground Weapons Level 3  
  139  9:14  Nexus  
  139  9:23  Stalker x2  
  143  9:41  Zealot x6  
  155  9:52  Immortal x2  
  163  10:01  Zealot x3  
  168  10:21  Nexus  
  168  10:22  Observer, Dark Shrine  
  168  10:25  Pylon  
  167  10:31  Warp Prism  
  167  10:32  Observer  
  167  10:35  Stalker x7  
  184  10:37  Pylon  
  180  11:09  Zealot  
  180  11:10  Zealot x7  
  173  11:30  Stalker x3  
  173  11:31  Stalker x2  
  173  11:32  Zealot x3  
  189  11:59  Dark Templar x6  
  193  12:19  Zealot x2  
  193  12:32  Zealot x4  
  193  12:35  Archon x2  
  161  12:46  Zealot x2  
  161  12:47  Zealot x2  
  157  12:53  Stalker x4  
Tags
 
Add a new tag
Caveats
  • Supply blocks, unpowered buildings, or Contaminate may cause inaccurate times.
  • Supply counts are checked every 10 seconds.